 Dungeon Crawl Stone Soup version 0.26-a0-259-g1effd001a9 (webtiles) character file.

Game seed: 7426223098897904046

2066 Goblin1989 the Ruffian (level 9, -1/127 HPs)
             Began as a Troll Fighter on July 14, 2020.
             Was an Initiate of Gozag.
             Slain by a killer bee (3 damage)
             ... on level 5 of the Dungeon.
             The game lasted 00:08:52 (3964 turns).

Goblin1989 the Ruffian (Troll Fighter)              Turns: 3964, Time: 00:08:53

Health: -1/127     AC:  8    Str: 26    XL:     9   Next: 5%
Magic:  8/8        EV:  9    Int:  7    God:    Gozag
Gold:   603        SH:  9    Dex:  7    Spells: 8/8 levels left

rFire    + . .     SeeInvis .     - Unarmed
rCold    + . .     Faith    .   b - +0 kite shield
rNeg     . . .     Spirit   .   a - +0 robe
rPois    +         Reflect  .   (helmet restricted)
rElec    +         Harm     .   (no cloak)
rCorr    +                      (gloves unavailable)
MR       ++...                  (boots unavailable)
Stlth    ..........             z - amulet of magic regeneration
HPRegen  0.71/turn              m - ring of protection from magic
MPRegen  0.36/turn              C - ring of protection from magic

@: mighty, brilliant, berserking, lethally poisoned (-1 -> -1), resistant, stab,
flying, very slightly contaminated, invisible, very quick
A: large, unfitting armour, beak, claws 3, slimy green scales 1, clumsy 1, fast
metabolism 1, regeneration 1, shaggy fur 1, tough skin 3
a: Potion Petition, Call Merchant, Bribe Branch, Renounce Religion


You were on level 5 of the Dungeon.
You worshipped Gozag.
Gozag was pleased with you.
You were not hungry.

You visited 2 branches of the dungeon, and saw 8 of its levels.
You also visited: Ossuary.

You collected 668 gold pieces.
You paid 65 gold pieces to Gozag.

Inventory:

Missiles
 h - 4 large rocks (quivered) {!d, @Q4}
Armour
 a - a +0 robe (worn)
 b - a +0 kite shield (worn)
Jewellery
 m - a ring of protection from magic (left claw)
 z - an amulet of magic regeneration (around neck)
 C - a ring of protection from magic (right claw)
Wands
 w - a wand of paralysis (9) {@v7}
 x - a wand of flame (13) {@v6}
Scrolls
 f - 8 scrolls of identify {unknown}
 i - 2 scrolls of teleportation {unknown}
 n - 2 scrolls of remove curse {unknown}
 q - 2 scrolls of magic mapping {unknown}
 r - a scroll of blinking {unknown}
 u - 2 scrolls of fear {unknown}
 y - a scroll of enchant weapon {unknown}
 A - a scroll of enchant armour {unknown}
 B - a scroll of vulnerability {unknown}
 E - a scroll of amnesia {unknown}
Potions
 c - a potion of might {@q4}
 g - a potion of cancellation {unknown}
 j - 2 potions of flight {unknown}
 k - a potion of stabbing
 l - a potion of haste {@q3,}
 p - a potion of mutation {!q}
 s - a potion of berserk rage
 t - 3 potions of heal wounds {unknown}
 v - 4 potions of curing {unknown}
 D - a potion of resistance {unknown}
 F - a potion of invisibility {unknown}
Comestibles
 e - 20 rations


   Skills:
 + Level 4.6 Fighting
 - Level 4.0 Throwing
 + Level 4.7 Dodging
 + Level 4.6 Shields
 * Level 7.3 Unarmed Combat


You had 8 spell levels left.
You didn't know any spells.
Your spell library contained the following spells:

 Spells                   Type           Power        Failure   Level
 Magic Dart               Conj           #...         75%         1
 Blink                    Tloc           N/A          87%         2
 Call Imp                 Summ           #.......     87%         2
 Slow                     Hex            #.......     87%         2
 Conjure Flame            Conj/Fire      #.......     98%         3
 Mephitic Cloud           Conj/Pois/Air  #.......     98%         3


Dungeon Overview and Level Annotations

Branches:
Dungeon (7/15)             Temple (1/1) D:4         Ossuary (visited)

Altars:
Ashenzari
Cheibriados
Fedhas
Gozag
Okawaru
Qazlal
Wu Jian
Zin
The Shining One

Annotations:
D:4 1 runed translucent door, PantasTheDank's ghost, amateur DsAK


Innate Abilities, Weirdness & Mutations

You are too large for most types of armour.
You have claws for hands.
You have a fast metabolism.
Your natural rate of healing is unusually fast.
You are covered in fur. (AC +1)
You have extremely tough skin. (AC +3)
You have a beak for a mouth.
You are partially covered in slimy green scales. (AC +2)
You are clumsy. (Dex -2)


Message History

You are too injured to fight recklessly!
You block the killer bee's attack.
You feel sick. The killer bee stings you.
You are more poisoned.
The killer bee poisons you!
You take 3 damage, and have 45/85 hp.
You feel sick.
The killer bee stings you but does no damage.
You feel sick. You block the killer bee's attack.
The killer bee barely misses you.
You feel sick.
The killer bee stings you but does no damage.
You feel sick. The killer bee stings you.
You are more poisoned.
The killer bee poisons you!
You take 2 damage, and have 43/85 hp.
You feel sick.
The killer bee stings you but does no damage.
You take 2 damage, and have 41/85 hp.
You feel sick. The killer bee stings you.
* * * LOW HITPOINT WARNING * * *
You are more poisoned.
The killer bee poisons you!
You take 4 damage, and have 37/85 hp.
You feel sick. The killer bee barely misses you.
You take 2 damage, and have 35/85 hp.
You claw the killer bee!
The killer bee is severely wounded.
You feel sick. You block the killer bee's attack. x2
You barely miss the killer bee.
The killer bee is severely wounded.
You feel sick.
The killer bee stings you but does no damage.
You block the gnoll's attack. The killer bee stings you.
* * * LOW HITPOINT WARNING * * *
You take 6 damage, and have 29/85 hp.
You barely miss the killer bee.
The killer bee is severely wounded.
You feel sick. You block the killer bee's attack.
The gnoll hits you from afar with a +0 halberd of protection!
* * * LOW HITPOINT WARNING * * *
The killer bee barely misses you.
You take 8 damage, and have 21/85 hp.
You closely miss the killer bee. You peck the killer bee.
The killer bee is almost dead.
You feel sick. You block the killer bee's attack. You block the gnoll's attack.
The killer bee barely misses you.
You take 1 damage, and have 20/85 hp.
You closely miss the killer bee. Your peck misses the killer bee.
The killer bee is almost dead.
You feel sick.
The killer bee stings you but does no damage.
You take 1 damage, and have 19/85 hp.
You closely miss the killer bee. Your peck misses the killer bee.
The killer bee is almost dead.
You feel sick.
The killer bee stings you but does no damage.
The gnoll closely misses you. The killer bee closely misses you.
You closely miss the killer bee.
The killer bee is almost dead.
You feel sick. You block the killer bee's attack. You block the gnoll's attack.
The killer bee stings you but does no damage.
You miss the killer bee.
The killer bee is almost dead.
You feel sick. You block the killer bee's attack.
The killer bee stings you but does no damage.
The gnoll hits you from afar with a +0 halberd of protection!
* * * LOW HITPOINT WARNING * * *
You take 11 damage, and have 8/85 hp.
You block the killer bee's attack. [a] - 0 gold - resistance, flight, invisibility, stabbing and might [b] - 0 gold - resistance, flight, curing and magic [c] - 0 gold - resistance, invisibility and stabbing Purchase which effect?
You feel protected.
You feel very buoyant.
You fly up into the air.
You fade into invisibility!
You feel ready to backstab.
You feel very mighty all of a sudden.
You feel sick. You block the killer bee's attack. The killer bee stings you.
* * * LOW HITPOINT WARNING * * *
You are very lightly contaminated with residual magic.
You take 5 damage, and have 4/85 hp.
Unknown command.
Okay, then.
It was a potion of brilliance.
You feel clever all of a sudden.
You feel sick. You block the killer bee's attack.
The killer bee stings you but does no damage.
It was a potion of berserk rage.
A red film seems to cover your vision as you go berserk!
You feel yourself moving faster!
You feel mighty!
You feel sick. You block the killer bee's attack. The killer bee stings you.
* * * LOW HITPOINT WARNING * * *
You now have 2/127 hp.
Unknown command.
You miss the killer bee.
The killer bee is almost dead.
The killer bee stings you.
You die...
Your body crumbles into a pile of gold.

███████.█
......$g████████████
██..███.g...>.<....█
█...>g.......████
.....█.....██......██
█..██......██.ggg...██
██....8███.█8██g██...█████
███.██...████y████...).█
█.█...█..█@.█ ████..███
█..!....██.████ ██...█
█.......█.....█


█████ █.█....██.....█ █.8█.███8.....█ █...██.....(....████████ ██..
█.................. █.................. █.................. You could see a
killer bee and 3 gnolls.

Vanquished Creatures
  Edmund (D:4)
  An orc warrior (D:6)
  An ice beast (D:6)
  A phantom (D:7)
  2 bullfrogs (D:7)
  9 scorpions (Ossuary)
  2 killer bees (D:5)
  4 wights (D:7)
  A centaur zombie (Ossuary)
  A human zombie (Ossuary)
  A bullfrog skeleton (D:5)
  A jelly (D:7)
  A centaur skeleton (D:7)
  3 hounds
  Terence (D:2)
  An iguana (D:4)
  Natasha (twice) (D:4)
  4 orc wizards
  3 worker ants
  2 big kobold zombies (Ossuary)
  3 mummies (Ossuary)
  2 hound skeletons (D:4)
  7 gnolls (D:4)
  2 adders
  4 scorpion zombies (Ossuary)
  2 oozes
  A worm (D:3)
  3 dart slugs
  3 leopard geckos
  7 orcs
  2 ball pythons
  3 giant cockroaches
  8 goblins
  11 hobgoblins
  2 jackals (D:1)
  2 quokkas
  8 bats
  7 frilled lizards
  3 gnoll zombies (Ossuary)
  3 goblin zombies (Ossuary)
  2 hobgoblin zombies (Ossuary)
  13 kobolds
  A kobold zombie (Ossuary)
  An orc zombie (Ossuary)
  A quokka skeleton (D:4)
  8 rats
151 creatures vanquished.

Vanquished Creatures (others)
  An orc wizard (D:7)
1 creature vanquished.

Grand Total: 152 creatures vanquished

Notes
Turn   | Place    | Note
-------+----------+-------------------------------------------
     0 | D:1      | Goblin1989 the Troll Fighter began the quest for the Orb.
     0 | D:1      | Reached XP level 1. HP: 22/22 MP: 0/0
    74 | D:1      | Reached XP level 2. HP: 29/29 MP: 1/1
   157 | D:1      | Reached XP level 3. HP: 21/36 MP: 2/2
   805 | D:2      | Reached skill level 3 in Unarmed Combat
   819 | D:2      | Reached XP level 4. HP: 36/44 MP: 3/3
   893 | D:2      | Noticed Terence
   906 | D:2      | Killed Terence
  1034 | D:2      | Found a shattered altar of Ashenzari.
  1747 | D:3      | Reached skill level 1 in Throwing
  1965 | D:4      | Found a runed translucent door.
  1966 | D:4      | Noticed PantasTheDank's ghost (amateur DsAK)
  1984 | D:4      | Noticed Natasha
  1991 | D:4      | Killed Natasha
  1991 | D:4      | Reached XP level 5. HP: 51/52 MP: 4/4
  1998 | D:4      | Found a staircase to the Ecumenical Temple.
  2037 | Temple   | Entered the Ecumenical Temple
  2089 | Temple   | Became a worshipper of Gozag Ym Sagoz the Greedy
  2287 | D:4      | Reached skill level 4 in Unarmed Combat
  2413 | D:4      | Reached XP level 6. HP: 61/61 MP: 5/5
  2426 | D:4      | Noticed Edmund
  2445 | D:4      | Gained mutation: You are clumsy. (Dex -2) [potion of
                  | mutation]
  2445 | D:4      | Gained mutation: You have a beak for a mouth. [potion of
                  | mutation]
  2445 | D:4      | Gained mutation: You are partially covered in slimy green
                  | scales. (AC +2) [potion of mutation]
  2449 | D:4      | Killed Edmund
  2726 | D:4      | Noticed Natasha
  2738 | D:4      | Killed Natasha
  2751 | D:4      | Reached XP level 7. HP: 52/67 MP: 6/6
  2845 | D:4      | You fall into a shaft and drop 3 floors!
  2860 | D:7      | Reached skill level 5 in Unarmed Combat
  2982 | D:7      | Reached XP level 8. HP: 68/78 MP: 7/7
  3159 | D:6      | Reached skill level 6 in Unarmed Combat
  3327 | D:5      | Entered Level 5 of the Dungeon
  3328 | D:5      | Found a sand-covered staircase.
  3336 | Ossuary  | Entered an ossuary
  3688 | Ossuary  | Reached skill level 7 in Unarmed Combat
  3878 | D:5      | Reached XP level 9. HP: 79/85 MP: 8/8
  3961 | D:5      | HP: 4/85 [killer bee (4)]
  3964 | D:5      | Slain by a killer bee

Illustrated notes

Levels and vault maps discovered:
D:1:      sevenhm_arrival_forest_fort_large_2, layout_rooms,
          minmay_tree_intersection, minmay_3d_cube
D:2:      layout_rooms, ashenzari_altar_1, uniq_terence
D:3:      layout_loops_corners, kennysheep_another_room
D:4:      layout_loops_corners, minmay_temple_entry_mist,
          ebering_ghost_reflecting_pool, first_ration, uniq_natasha, uniq_edmund
D:5:      layout_rooms, nicolae_overflow_crystal_walls,
          lightli_ossuary_entry_decrepit_ruins, serial_curves, eino_curves_01,
          eino_curves_02
D:6:      layout_cave_pools, gammafunk_ghost_abyssal_escape, serial_shops,
          nicolae_shop_crystal
D:7:      layout_rooms
Temple:   regret_index_temple_sigil_plot

Skill      XL: |  1  2  3  4  5  6  7  8 |
---------------+-------------------------+-----
Unarmed Combat | 3 4 5 7 |  7.3
Shields        | 3 4 |  4.6
Throwing       | 1 2 4 |  4.0
Dodging        | 3 4 |  4.7
Fighting       | 3 4 |  4.6

Action                   |  1- 3 |  4- 6 |  7- 9 || total
-------------------------+-------+-------+-------++-------
Melee: Unarmed           |   122 |   162 |   260 ||   544
       Peck              |       |     7 |    43 ||    50
Throw: Large rock        |       |       |     2 ||     2
Invok: Potion Petition   |       |       |     1 ||     1
  Use: Potion            |       |     3 |     2 ||     5
  Eat: Ration            |       |     3 |     1 ||     4
Armor: Robe              |    44 |    39 |    65 ||   148
Dodge: Dodged            |    55 |    50 |    83 ||   188
Block: Kite shield       |    66 |    69 |   115 ||   250

Table legend:
 A = Non-vault XP
 B = Vault XP
 C = Vault XP percentage of total XP
 D = Non-vault monster count
 E = Vault monster count
 F = Vault count percentage of total count
                 A         B        C        D         E       F
            +---------+---------+-------+---------+---------+-------
      Total |    1842 |    1110 |  37.6 |     115 |      37 |  24.3
            +---------+---------+-------+---------+---------+-------
        D:1 |      61 |       6 |   9.0 |      35 |       4 |  10.3
        D:2 |      50 |      36 |  41.9 |      21 |       1 |   4.5
        D:3 |      40 |       0 |   0.0 |      12 |       0 |   0.0
        D:4 |     403 |     192 |  32.3 |      20 |       2 |   9.1
        D:5 |     200 |       0 |   0.0 |       4 |       0 |   0.0
        D:6 |     309 |       0 |   0.0 |       7 |       0 |   0.0
        D:7 |     779 |       0 |   0.0 |      16 |       0 |   0.0
    Ossuary |       0 |     876 | 100.0 |       0 |      30 | 100.0
            +---------+---------+-------+---------+---------+-------
